 Dungeon Crawl Stone Soup version 0.27-a0-328-g7f782ed93a (webtiles) character file.

Game seed: 2516316750197045892

136 tsouns the Skirmisher (level 4, -5/43 HPs)
             Began as a Palentonga Delver on Feb 12, 2021.
             Slain by a scorpion (6 damage)
             ... on level 4 of the Dungeon.
             The game lasted 00:00:45 (346 turns).

tsouns the Skirmisher (Palentonga Delver)            Turns: 346, Time: 00:00:46

Health: -5/43      AC:  6    Str: 16    XL:     4   Next: 98%
Magic:  4/4        EV:  7    Int: 11    God:
Gold:   0          SH:  0    Dex: 11    Spells: 3/3 levels left

rFire    . . .     SeeInvis +   a - +0 hand axe
rCold    . . .     Faith    .   (no shield)
rNeg     . . .     Spirit   .   d - +0 scale mail
rPois    .         Reflect  .   (no helmet)
rElec    .         Harm     .   (no cloak)
rCorr    .         Rampage  .   (no gloves)
Will     .....                  (no barding)
Stlth    +.........             (no amulet)
HPRegen  0.14/turn              (no ring)
MPRegen  0.09/turn              (no ring)

@: lethally poisoned (-5 -> -16)
A: large, rugged brown scales 3, see invisible, deformed body, roll 1, armoured
tail
a: Rolling Charge


You were on level 4 of the Dungeon.
You visited 1 branch of the dungeon, and saw 2 of its levels.

Inventory:

Hand Weapons
 a - a +0 hand axe (weapon)
Armour
 b - a +0 leather armour
 d - a +0 scale mail (worn)
Wands
 g - a wand of digging (3)
Scrolls
 c - a scroll of fog
 e - a scroll of fear
 h - a scroll of magic mapping
Potions
 f - a potion of haste


   Skills:
 + Level 4.5 Fighting
 + Level 3.9 Axes
 - Level 1.5 Dodging
 - Level 3.3 Stealth


You had 3 spell levels left.
You didn't know any spells.
Your spell library was empty.

Dungeon Overview and Level Annotations

Branches:
Dungeon (5/15)             Temple (0/1) D:5

Altars:

Annotations:
D:5 1 transporter


Innate Abilities, Weirdness & Mutations

You are completely covered in rugged brown scales. (AC +3, +7% HP)
You have supernaturally acute eyesight. (SInv)
Armour fits poorly on your strangely shaped body.
You can roll at nearby foes to attack.
You have a long armoured tail.


Message History

The scorpion is lightly wounded.
The scorpion stings you.
You hit the scorpion but do no damage.
The scorpion is lightly wounded.
The scorpion stings you.
You hit the scorpion.
The scorpion is moderately wounded.
The scorpion stings you.
You are poisoned.
The scorpion poisons you!
You hit the scorpion.
The scorpion is severely wounded.
You feel sick. The scorpion barely misses you.
You hit the scorpion.
The scorpion is severely wounded.
You feel sick. The scorpion stings you.
You are too injured to fight recklessly!
You are too injured to fight recklessly!
You hit the scorpion but do no damage.
The scorpion is severely wounded.
You feel sick. The scorpion barely misses you.
You hit the scorpion but do no damage.
Your tail-slap misses the scorpion.
The scorpion is severely wounded.
The scorpion stings you.
You are more poisoned.
The scorpion poisons you!
You hit the scorpion but do no damage.
The scorpion is severely wounded.
You feel sick. The scorpion stings you!
* * * LOW HITPOINT WARNING * * *
You hit the scorpion but do no damage.
The scorpion is severely wounded.
* * * LOW HITPOINT WARNING * * *
You feel sick. The scorpion stings you.
* * * LOW HITPOINT WARNING * * *
You barely miss the scorpion.
The scorpion is severely wounded.
* * * LOW HITPOINT WARNING * * *
You feel sick. The scorpion stings you.
You die...

.... ... ....
##.### #...#....
###...#..#####
.......).>...#
......#...##.# #
####..#...# .....#
........###....#
.........@s.....#
...............###
#####.##..........
......######.##
##.....# # #.....
#..... #....


You could see a scorpion.

Vanquished Creatures
  Menkaure (D:4)
  A howler monkey zombie (D:4)
  An ooze (D:5)
  An orc (D:4)
4 creatures vanquished.

Notes
Turn   | Place    | Note
-------+----------+-------------------------------------------
     0 | D:5      | tsouns the Palentonga Delver began the quest for the Orb.
     0 | D:5      | Reached XP level 1. HP: 20/20 MP: 1/1
     4 | D:5      | Noticed a jelly
    24 | D:5      | Noticed a hound
    27 | D:5      | Noticed Menkaure
    30 | D:5      | Found a transporter.
    32 | D:5      | Identified the +11 dire flail of Valour {elec, rElec}
    32 | D:5      | Noticed an ogre
    40 | D:4      | Killed Menkaure
    41 | D:4      | Reached skill level 4 in Fighting
    41 | D:4      | Reached XP level 2. HP: 12/29 MP: 2/2
    41 | D:4      | Reached XP level 3. HP: 15/36 MP: 3/3
    41 | D:4      | Reached XP level 4. HP: 18/43 MP: 4/4
   346 | D:4      | HP: 1/43 [poisoned by a scorpion]
   346 | D:4      | Slain by a scorpion

Illustrated notes

Levels and vault maps discovered:
D:4:      layout_basic, uniq_eustachio
D:5:      layout_layer_cave, nzn_hepliaklqana_mist_gate,
          minmay_temple_entry_statues_pillars, gammafunk_ghost_smash,
          uniq_menkaure, uniq_edmund

Skill      XL: |  1 |
---------------+----+-----
Fighting       | 4 |  4.5
Axes           | 3 |  3.9
Dodging        | |  1.5
Stealth        | |  3.3

Action                   |  1- 3 |  4- 6 || total
-------------------------+-------+-------++-------
Melee: Hand axe          |     9 |    27 ||    36
       Tailslap          |     2 |       ||     2
  Use: Scroll            |     1 |       ||     1
Armor: Leather armour    |     2 |     3 ||     5
Dodge: Dodged            |     4 |     7 ||    11

Table legend: (Time is in decaauts)
 A = Elapsed time spent in this place.
 B = Non-inter-level travel time spent in this place.
 C = Inter-level travel time spent in this place.
 D = Time resting spent in this place.
 E = Time spent auto-exploring this place.
 F = Levels seen in this place.
 G = Mean time per level.
                   A        B        C        D        E       F      G
               +--------+--------+--------+--------+--------+-----+--------+
         Total |    350 |    339 |     11 |      0 |    253 |   2 |  175.0 |
       Dungeon |    350 |    339 |     11 |      0 |    253 |   2 |  175.0 |
               +--------+--------+--------+--------+--------+-----+--------+

Top non-repeatable levels by time:
     D:4: 315 daAuts
     D:5: 34 daAuts
